 Dungeon Crawl Stone Soup version 0.28.0-43-g3370ac3207 (webtiles) character file.

Game seed: 2410538220107191923

12284 croobank the Cleaver (level 11, -8/104 HPs)
             Began as a Hill Orc Fighter on Mar 15, 2022.
             Was a Priest of Beogh.
             Mangled by a large abomination (20 damage)
             ... on level 2 of the Abyss.
             The game lasted 00:46:16 (10580 turns).

croobank the Cleaver (Hill Orc Fighter)            Turns: 10580, Time: 00:46:16

Health: -8/104     AC: 38    Str: 27    XL:     11   Next: 91%
Magic:  11/11      EV: 11    Int:  8    God:    Beogh [***...]
Gold:   580        SH:  6    Dex: 10    Spells: 10/10 levels left

rFire   . . .      SeeInvis .   a - +6 war axe
rCold   . . .      Faith    .   c - +0 buckler
rNeg    + . .      Spirit   .   G - +10 plate armour of Tempters {Harm rN+ rCorr Str+3}
rPois   .          Reflect  .   k - +0 helmet
rElec   .          Harm     +   T - +2 cloak {Stlth+}
rCorr   +          Rampage  .   B - +0 pair of gloves
Will    +....                   f - +2 pair of boots
Stlth   ..........              (no amulet)
HPRegen 0.27/turn               o - +4 ring of evasion
MPRegen 0.12/turn               U - ring of Zealaxuo {Will+ AC+4}

@: mighty
A: no striking features
a: Renounce Religion, Smiting


You were on level 2 of the Abyss.
You worshipped Beogh.
Beogh was most pleased with you.
You visited 2 branches of the dungeon, and saw 11 of its levels.
You visited the Abyss 1 time.

You collected 580 gold pieces.

Inventory:

Hand Weapons
 a - a +6 war axe (weapon)
 b - a +0 hunting sling
 J - a +4 halberd
 L - a +1 morningstar of draining
 O - a +5 spear
 Q - a +1 dagger of chaos
 R - a +2 flail of protection
 V - a +0 battleaxe
 Y - a +0 dire flail
Missiles
 g - 198 arrows
 j - 28 poisoned darts (quivered)
 m - 73 bolts
 n - 240 stones
 A - a throwing net
 C - 7 boomerangs
 D - 64 sling bullets
Armour
 c - a +0 buckler (worn)
 f - a +2 pair of boots (worn)
 k - a +0 helmet (worn)
 B - a +0 pair of gloves (worn)
 G - the +10 plate armour of Tempters (worn) {Harm rN+ rCorr Str+3}
   (You found it on level 7 of the Dungeon)

   Str:       It affects your strength (+3).
   rN:        It protects you from negative energy.
   rCorr:     It protects you from acid and corrosion.
   Harm:      It increases damage dealt and taken.
 T - a +2 cloak of stealth (worn)
Jewellery
 o - a +4 ring of evasion (left hand)
 r - a ring of protection from cold
 N - an amulet of magic regeneration
 S - an amulet of faith
 U - the ring of Zealaxuo (right hand) {Will+ AC+4}
   (You acquired it on level 9 of the Dungeon)

   [ring of protection]

   AC:        It affects your AC (+4).
   Will:      It increases your willpower.
 W - a ring of fire
Wands
 K - a wand of acid (1)
 M - a wand of flame (8)
 P - a wand of polymorph (8)
 X - a wand of mindburst (1)
Scrolls
 h - 3 scrolls of teleportation
 i - a scroll of holy word
 p - a scroll of magic mapping
 z - a scroll of amnesia
 E - 2 scrolls of fog
 F - a scroll of noise
Potions
 e - 3 potions of degeneration {unknown}
 l - 2 potions of mutation
 q - 2 potions of lignification {unknown}
 w - 2 potions of curing
 x - 3 potions of flight
 H - a potion of cancellation {unknown}
 I - 3 potions of brilliance
Miscellaneous
 t - a phial of floods


   Skills:
 + Level 11.7 Fighting
 + Level 12.4 Axes
 + Level 10.8 Armour
 + Level 10.8 Shields
 + Level 1.1 Invocations


You had 10 spell levels left.
You didn't know any spells.
Your spell library contained the following spells:

 Spells                   Type           Power      Damage    Failure   Level
 Foxfire                  Conj/Fire      0%         2x1d4     99%         1
 Slow                     Hex            0%         N/A       99%         1
 Sting                    Tmut/Pois      0%         1d3       99%         1
 Blink                    Tloc           0%         N/A       100%        2
 Poisonous Vapours        Pois/Air       0%         N/A       100%        2
 Call Canine Familiar     Summ           0%         N/A       100%        3
 Confusing Touch          Hex            0%         N/A       100%        3
 Conjure Flame            Conj/Fire      0%         6-21      100%        3
 Inner Flame              Hex/Fire       0%         N/A       100%        3
 Portal Projectile        Hex/Tloc       0%         N/A       100%        3
 Vampiric Draining        Necr           0%         2d6       100%        3
 Flame Wave               Conj/Fire      0%         2d4       100%        4
 Iskenderun's Mystic Bla  Conj/Tloc      0%         2d3       100%        4
 Leda's Liquefaction      Hex/Erth       0%         N/A       100%        4
 Olgreb's Toxic Radiance  Pois           0%         N/A       100%        4
 Summon Forest            Summ/Tloc      0%         N/A       100%        5
 Yara's Violent Unravell  Hex/Tmut       0%         3d3       100%        5


Dungeon Overview and Level Annotations

Branches:
Dungeon (10/15)            Temple (0/1) D:7            Lair (0/6) D:8
    Orc (1/2) D:9

Altars:
Cheibriados
Okawaru
Qazlal
Trog
Uskayaw
Vehumet
Lugonu

Shops:
D:5 [   D:7 (

Portals:
Abyss: D:6
Trove: D:10 (give 5 potions of resistance)

Annotations:
D:4 2 runed translucent doors, noobcanoe's ghost, amateur DEAE
D:6 exclusion: statue
Abyss:2 1 transporter


Message History

The freezing wraith hits you but does no damage.
The freezing wraith barely misses you. 2 starspawn tentacles come into view.
You feel very mighty all of a sudden.
The bone dragon bites you but does no damage.
The bone dragon claws you but does no damage.
The bone dragon tramples you!
* * * LOW HITPOINT WARNING * * *
You hold your ground!
The freezing wraith barely misses you.
The freezing wraith hits you but does no damage.
The large abomination hits you but does no damage.
You slice the freezing wraith!!
The freezing wraith is severely damaged.
You barely miss the large abomination. You slash the bone dragon!
The bone dragon barely misses you. The bone dragon closely misses you.
The bone dragon tramples you.
* * * LOW HITPOINT WARNING * * *
You hold your ground!
The freezing wraith hits you but does no damage. x2
You slice the freezing wraith!!
You destroy the freezing wraith!
That felt strangely unrewarding.
You hit the large abomination.
You hit the bone dragon but do no damage.
The large abomination hits you!
* * * LOW HITPOINT WARNING * * *
The bone dragon bites you but does no damage.
The bone dragon barely misses you. x2
A tentacle flies out from the starspawn's body!
A starspawn tentacle comes into view.
A spriggan defender zombie comes into view.
You block the large abomination's attack.
Okay, then.
Okay, then.
You feel better.
The large abomination barely misses you.
The bone dragon bites you but does no damage.
The bone dragon barely misses you.
The bone dragon tramples you but does no damage.
The large abomination hits you!
You die...

#. #. #.#
#. #....
#..#w ..X
#X## #D##
#.X#
##@.##
#..#..#
#.#.#.#.#
#Z.##..#
# .# #.
#.#.# #.
.#.#...#
..## .##
.. ####.
.#
.#...#.
.# . #.
##
####..#..
.


You could see a bone dragon, a tentacled starspawn, 2 large abominations, a
starspawn tentacle and a spriggan defender zombie.

Vanquished Creatures
  An ettin (D:9)
  A dancing weapon (Abyss:2)
  An orc high priest (Orc:1)
  A wizard (D:10)
  A manticore (D:8)
  Maggie (D:7)
  Maurice (D:9)
  A freezing wraith (Abyss:2)
  3 trolls (D:9)
  Prince Ribbit (D:8)
  2 wyverns
  22 yaks
  2 steam dragons
  A warg (D:9)
  7 orc warriors
  5 water moccasins
  An ice beast (D:5)
  2 black bears
  An ogre (D:6)
  4 centaurs
  A phantom (D:6)
  2 kobold brigands (D:9)
  A gnoll sergeant (D:8)
  A bullfrog (D:9)
  2 scorpions
  A water moccasin skeleton (D:6)
  A killer bee (D:8)
  15 wights
  3 howler monkeys (D:7)
  3 hounds
  A gnoll shaman (D:3)
  6 orc priests
  4 jellies
  3 iguanas
  4 orc wizards
  A killer bee zombie (D:8)
  A hound skeleton (D:5)
  8 gnolls
  9 adders
  A shadow imp (D:8)
  2 white imps
  An ufetubus (D:7)
  2 adder skeletons (D:4)
  3 worms
  22 orcs
  9 ball pythons
  5 endoplasms
  2 giant cockroaches
  A hobgoblin (D:4)
  3 jackals (D:3)
  27 kobolds
  3 quokkas
  3 bats
  3 frilled lizards
  4 goblins
  3 rats
220 creatures vanquished.

Vanquished Creatures (collateral kills)
  Joseph (D:8)
  Psyche (D:8)
  A wraith (D:10)
  2 yaks (D:10)
  A steam dragon (D:8)
  An orc warrior (D:8)
  A jelly (D:5)
8 creatures vanquished.

Vanquished Creatures (others)
  An orc warrior (D:10)
  5 orcs
  A lurking horror (D:6)
  65 plants (D:9)
  6 starspawn tentacles (Abyss:2)
78 creatures vanquished.

Grand Total: 306 creatures vanquished

Notes
Turn   | Place    | Note
-------+----------+-------------------------------------------
     0 | D:1      | croobank the Hill Orc Fighter began the quest for the Orb.
     0 | D:1      | Reached XP level 1. HP: 19/19 MP: 1/1
   370 | D:1      | Reached skill level 3 in Axes
   370 | D:1      | Reached XP level 2. HP: 27/27 MP: 2/2
  1265 | D:2      | Reached XP level 3. HP: 33/33 MP: 3/3
  1606 | D:3      | Reached XP level 4. HP: 22/40 MP: 4/4
  1931 | D:3      | Found a faded altar of an unknown god.
  2267 | D:3      | Reached skill level 4 in Axes
  2588 | D:3      | Reached XP level 5. HP: 47/47 MP: 5/5
  2945 | D:4      | Noticed a water moccasin
  2959 | D:4      | Killed a water moccasin
  2960 | D:4      | Reached skill level 5 in Fighting
  2960 | D:4      | Reached XP level 6. HP: 44/56 MP: 6/6
  3113 | D:4      | Reached skill level 5 in Axes
  3255 | D:4      | Found a runed translucent door.
  3298 | D:4      | Found a runed translucent door.
  3301 | D:4      | Noticed noobcanoe's ghost (amateur DEAE)
  3356 | D:4      | Reached skill level 5 in Shields
  3367 | D:4      | Reached skill level 5 in Armour
  3367 | D:4      | Reached XP level 7. HP: 49/61 MP: 7/7
  3619 | D:5      | Entered Level 5 of the Dungeon
  3641 | D:5      | Found Taivoywe's Antique Armour Shoppe.
  3882 | D:5      | Reached skill level 6 in Axes
  4124 | D:5      | Noticed a wyvern
  4131 | D:5      | Killed a wyvern
  4132 | D:5      | Reached XP level 8. HP: 58/71 MP: 8/8
  4558 | D:6      | Found a radiant altar of Vehumet.
  4841 | D:6      | Reached skill level 7 in Axes
  4998 | D:6      | Found a one-way gate to the infinite horrors of the Abyss.
  4998 | D:6      | Found a corrupted altar of Lugonu.
  5474 | D:6      | Found a stormy altar of Qazlal.
  5612 | D:6      | Got the Handbook of the Fetching Voyage
  5702 | D:6      | Found a snail-covered altar of Cheibriados.
  5983 | D:7      | Found a staircase to the Ecumenical Temple.
  6051 | D:7      | Reached XP level 9. HP: 55/79 MP: 9/9
  6166 | D:7      | Identified the +10 plate armour of Tempters {Harm rN+ rCorr
                  | Str+3}
  6264 | D:7      | Reached skill level 8 in Axes
  6432 | D:7      | Noticed Maggie
  6433 | D:7      | Became a worshipper of Beogh the Brigand
  6457 | D:7      | Killed Maggie
  6562 | D:7      | Found Peram Tapp's Weapon Boutique.
  6844 | D:7      | Reached skill level 9 in Axes
  7007 | D:7      | Reached XP level 10. HP: 91/91 MP: 10/10
  7112 | D:8      | Found a bloodstained altar of Trog.
  7115 | D:8      | Noticed Prince Ribbit
  7123 | D:8      | Killed Prince Ribbit
  7177 | D:8      | Noticed a manticore
  7181 | D:8      | Reached * piety under Beogh
  7193 | D:8      | Killed a manticore
  7194 | D:8      | Reached skill level 10 in Axes
  7398 | D:8      | Noticed Joseph
  7404 | D:8      | Killed Joseph
  7437 | D:8      | Noticed Psyche
  7460 | D:8      | Killed Psyche
  7622 | D:8      | Found a staircase to the Lair.
  7904 | D:8      | Reached skill level 10 in Fighting
  8104 | D:9      | Noticed Maurice
  8130 | D:9      | Killed Maurice
  8365 | D:9      | Identified a scroll of acquirement
  8365 | D:9      | Acquired the ring of Zealaxuo {Will+ AC+4}
  8465 | D:9      | Found a staircase to the Orcish Mines.
  8534 | D:9      | Reached skill level 11 in Axes
  8534 | D:9      | Reached XP level 11. HP: 65/101 MP: 11/11
  8753 | D:9      | Noticed a +0 dagger
  8754 | D:9      | Noticed a +0 dagger
  8774 | D:9      | Reached ** piety under Beogh
  8792 | D:9      | Found a hide-covered altar of Uskayaw.
  8928 | D:9      | Reached skill level 10 in Shields
  8944 | D:9      | Reached skill level 10 in Armour
  9631 | Orc:1    | Entered Level 1 of the Orcish Mines
  9728 | Orc:1    | Reached *** piety under Beogh
  9729 | Orc:1    | Noticed an orc high priest
  9764 | Orc:1    | Killed an orc high priest
  9765 | Orc:1    | Noticed an ettin
  9765 | Orc:1    | Noticed an orc high priest
  9769 | Orc:1    | Noticed a soul eater
  9783 | D:9      | Killed an ettin
  9784 | D:9      | Reached skill level 12 in Axes
 10069 | D:10     | Entered Level 10 of the Dungeon
 10097 | D:10     | Found a portal to a secret trove of treasure.
 10292 | D:10     | Found an iron altar of Okawaru.
 10413 | D:10     | Noticed a deep elf annihilator
 10413 | D:10     | Noticed a wizard
 10414 | D:10     | Noticed a wizard
 10422 | D:10     | Killed a wizard
 10423 | D:10     | Reached skill level 1 in Invocations
 10424 | D:10     | Cast into level 2 of the Abyss (a wizard)
 10424 | Abyss:2  | a glowing shapeshifter changed into a swamp worm
 10424 | Abyss:2  | Found a transporter.
 10427 | Abyss:2  | Found a corrupted altar of Lugonu.
 10427 | Abyss:2  | Noticed a tentacled starspawn
 10427 | Abyss:2  | Noticed a mana viper
 10427 | Abyss:2  | a swamp worm changed into a mana viper
 10427 | Abyss:2  | Noticed a death drake
 10427 | Abyss:2  | Noticed a worldbinder
 10432 | Abyss:2  | a mana viper changed into a snapping turtle
 10434 | Abyss:2  | Noticed a death drake
 10436 | Abyss:2  | Noticed a thrashing horror
 10436 | Abyss:2  | Noticed a starcursed mass
 10436 | Abyss:2  | Noticed a quicksilver ooze
 10436 | Abyss:2  | Noticed an ice dragon
 10436 | Abyss:2  | a quicksilver ooze changed into an ice dragon
 10436 | Abyss:2  | Noticed a lindwurm
 10436 | Abyss:2  | a death drake changed into a lindwurm
 10436 | Abyss:2  | Noticed an orb spider
 10438 | Abyss:2  | Noticed a tentacled monstrosity
 10440 | Abyss:2  | Noticed a necromancer
 10458 | Abyss:2  | Noticed a necromancer
 10464 | Abyss:2  | Noticed a skeletal warrior
 10472 | Abyss:2  | Noticed a necromancer
 10474 | Abyss:2  | Noticed a +1 short sword of venom
 10501 | Abyss:2  | Noticed a skeletal warrior
 10502 | Abyss:2  | Noticed a wretched star
 10509 | Abyss:2  | Killed a +1 short sword of venom
 10567 | Abyss:2  | Noticed a large abomination
 10569 | Abyss:2  | Noticed a tentacled starspawn
 10573 | Abyss:2  | Noticed a bone dragon
 10577 | Abyss:2  | HP: 2/104 [large abomination (13)]
 10580 | Abyss:2  | Mangled by a large abomination

Illustrated notes

Levels and vault maps discovered:
D:1:      erik_arrival_cave_to_civilisation [erik_arrival_cave_to_hall],
          layout_basic
D:2:      layout_basic
D:3:      layout_rooms, shapermc_ecumenical_altar_mp_highgroup
D:4:      layout_basic, ebering_ghost_sewer_f, minmay_misc_feat_secret_circle
D:5:      layout_rooms, serial_shops, shop
D:6:      nicolae_cairo_tiling_large, layout_rooms,
          mainiacjoe_overflow_big_doors, vehumet_statue,
          serial_co_window_serial, co_window_of_opportunity_a,
          co_window_paths_b, co_window_paths_a, co_window_corner_a,
          co_window_of_opportunity_a, co_window_paths_a, co_window_corner_b,
          co_window_of_opportunity_b, co_window_broadway_a, co_window_paths_c,
          co_window_unsneaky_path_a, glass_columns_c,
          kennysheep_cross_bottleneck, amcnicky_altar_lugonu_corruption
D:7:      layout_basic, minmay_temple_entry_nine_rooms, serial_shops,
          nicolae_shop_bloodbath_and_beyond, uniq_maggie
D:8:      kennysheep_blocky_room, layout_rooms, lemuel_doored_altar,
          lair_entry_dummy, uniq_psyche, uniq_prince_ribbit1, uniq_joseph
D:9:      kennysheep_kobold_camp, layout_loops_ring, dancing_weapons_uskayaw,
          orc_0_dummy, uniq_maurice
D:10:     cheibrodos_wizards_tower, layout_loops_ring,
          mainiacjoe_overflow_surrounded_room, enter_trove_2,
          hellmonk_bongcloud_opening
Orc:1:    layout_diamond_mine, serial_shops, shop, nicolae_shop_statue_plus,
          shop, nicolae_shop_trees, portal_ice_cave_entry_pillars_1,
          uniq_nergalle
Abyss:2:  base: Lair:4, gammafunk_corrupted_shrine, evilmike_abyss_exit_kraken

Skill      XL: |  1  2  3  4  5  6  7  8  9 10 11 |
---------------+----------------------------------+-----
Axes           | 3 4 5 6 7 9 11 12 | 12.4
Fighting       | 4 5 6 7 9 10 11 | 11.7
Shields        | 4 5 6 8 9 10 | 10.8
Armour         | 4 5 6 8 9 10 | 10.8
Invocations    | 1 |  1.1

Action                   |  1- 3 |  4- 6 |  7- 9 | 10-12 || total
-------------------------+-------+-------+-------+-------++-------
Melee: War axe           |    55 |       |   165 |   329 ||   549
       Whip              |     9 |   154 |    63 |       ||   226
 Fire: Hunting sling     |       |       |     5 |       ||     5
Throw: Dart              |       |     3 |       |       ||     3
Invok: Convert to Beogh  |       |       |     1 |       ||     1
       Smiting           |       |       |       |     1 ||     1
  Use: Scroll            |     2 |     5 |     7 |    11 ||    25
       Potion            |       |     1 |       |     7 ||     8
 Stab: Distracted        |       |       |     1 |       ||     1
Armor: Scale mail        |    27 |    48 |    53 |       ||   128
       Plate armour      |       |       |    58 |   251 ||   309
Dodge: Dodged            |    40 |   125 |   142 |   210 ||   517
Block: Buckler           |     6 |    35 |    52 |   110 ||   203
